 Dungeon Crawl Stone Soup version 0.30-a0-778-g2ef04afb54 (webtiles) character file.

Game seed: 9183672298813590246

592 Flugslaktarn the Chopper (level 7, -1/61 HPs)
             Began as a Minotaur Fighter on Feb 16, 2023.
             Slain by a two-headed ogre
             ... wielding a +0 giant club
              (14 damage)
             ... on level 4 of the Dungeon.
             The game lasted 00:01:30 (2327 turns).

Flugslaktarn the Chopper (Minotaur Fighter)         Turns: 2327, Time: 00:01:31

Health: -1/61      AC:  8    Str: 23    XL:     7   Next: 16%
Magic:  6/6        EV:  9    Int:  5    God:
Gold:   107        SH:  5    Dex: 15    Spells: 6/6 levels left

rFire   . . .      SeeInvis .    a - +0 war axe
rCold   . . .      Faith    .    c - +0 buckler
rNeg    . . .      Spirit   .    b - +0 scale mail
rPois   .          Reflect  .    (helmet restricted)
rElec   .          Harm     .    (no cloak)
rCorr   .          Rampage  .    k - +0 pair of gloves
Will    .....                    (no boots)
Stlth   +                        (no amulet)
HPRegen 0.30/turn                f - +6 ring of dexterity
MPRegen 0.10/turn                (no ring)

@: mighty
A: horns 2, retaliatory headbutt, camouflage 1, wild magic 1
a: no special abilities


You were on level 4 of the Dungeon.
You visited 1 branch of the dungeon, and saw 4 of its levels.

You collected 107 gold pieces.

Inventory:

Hand Weapons
 a - a +0 war axe (weapon)
Armour
 b - a +0 scale mail (worn)
 c - a +0 buckler (worn)
 k - a +0 pair of gloves (worn)
   (You found it on level 2 of the Dungeon)
Jewellery
 f - a +6 ring of dexterity (left hand)
   (You found it on level 1 of the Dungeon)
 m - a ring of willpower
   (You found it on level 2 of the Dungeon)
Scrolls
 e - 5 scrolls of fear {unknown}
 g - a scroll of enchant armour {unknown}
 h - a scroll of noise {unknown}
 i - a scroll of teleportation {unknown}
 j - 2 scrolls of identify {unknown}
 n - 2 scrolls of immolation {unknown}
 p - a scroll of silence {unknown}
Potions
 l - a potion of resistance {unknown}
 o - 2 potions of mutation
 q - a potion of curing


   Skills:
 + Level 5.5 Fighting
 * Level 6.3 Axes
 + Level 5.5 Armour
 + Level 5.4 Shields


You had 6 spell levels left.
You didn't know any spells.
Your spell library was empty.

Dungeon Overview and Level Annotations

Branches:
Dungeon (4/15)
 Temple: D:4-7

Altars:
Elyvilon
Qazlal


Innate Abilities, Weirdness & Mutations

You have a pair of horns on your head.
You reflexively headbutt those who attack you in melee.
Your skin changes colour to match your surroundings (Stealth+).
Your spells are a little harder to cast, but a little more powerful.


Message History

You barely miss the bat. The bat hits you but does no damage.
You block the adder's attack. The bat closely misses you.
You furiously retaliate!
You headbutt the bat.
You kill the bat!
You slash the adder!
You kill the adder!
You block the bat's attack. The bat closely misses you.
You closely miss the adder. You completely miss the bat.
The bat hits you but does no damage. The bat barely misses you.
The adder bites you but does no damage.
You completely miss the adder. You miss the bat. You block the bat's attack.
The bat completely misses you. The adder bites you but does no damage.
The adder barely misses you.
You miss the adder. You headbutt the adder.
The adder is lightly wounded.
You closely miss the bat. The bat hits you but does no damage.
The adder bites you but does no damage. The bat misses you.
You closely miss the adder.
The adder is lightly wounded.
You barely miss the bat. The bat hits you. You block the adder's attack.
The adder bites you but does no damage. The bat hits you.
You closely miss the adder. Your headbutt misses the adder.
The adder is lightly wounded.
You slash the bat!
You kill the bat!
The bat hits you but does no damage.
The adder bites you but does no damage. x2
You miss the adder.
The adder is lightly wounded.
You hit the bat.
You kill the bat!
The bat hits you but does no damage. The adder bites you but does no damage.
The bat hits you but does no damage.
You slash the adder!
You kill the adder!
You hit the bat.
You kill the bat!
You slash the ball python!
You kill the ball python!
No target in view!
No target in view!
No target in view!
No target in view!
No target in view!
No target in view!
No target in view!
You see here an adder corpse.
Found a short sword.
Found a mace.
j - 2 scrolls labelled KIOSUDUREU (gained 1)
Items here: )))).
An adder comes into view.
The adder hisses angrily.
The adder evades a web.
You barely miss the adder. Your headbutt misses the adder.
The adder bites you but does no damage. x2
You slash the adder!
You kill the adder!
No target in view!
No target in view!
No target in view!
You see here a bat corpse.
You see here a bat corpse.
You pick your way through the web.
There is a web here.
You see here a bat corpse.
You see here a scorpion corpse.
Things that are here:
a +0 club; a goblin corpse A two-headed ogre comes into view.
It is wielding two +0 giant clubs.
The two-headed ogre shouts in stereo!
You see here a ring of flight.
A two-headed ogre is nearby!
A two-headed ogre is nearby!
A two-headed ogre is nearby!
You aren't carrying any items that you can evoke.
Unknown command.
It was a potion of mutation.
You feel extremely strange.
Your skin functions as natural camouflage.
You feel less in control of your magic.
It was a potion of curing.
You feel better.
q - a potion of curing;
l - an emerald potion You feel very mighty all of a sudden.
You slash the two-headed ogre!
The two-headed ogre is lightly wounded.
The two-headed ogre hits you with a +0 giant club!!
The two-headed ogre closely misses you.
You hit the two-headed ogre.
The two-headed ogre is moderately wounded.
The two-headed ogre hits you with a +0 giant club!
* * * LOW HITPOINT WARNING * * *
You block the two-headed ogre's attack.
You slash the two-headed ogre! You headbutt the two-headed ogre.
The two-headed ogre is heavily wounded.
The two-headed ogre barely misses you. x2
You barely miss the two-headed ogre.
The two-headed ogre is heavily wounded.
The two-headed ogre hits you with a +0 giant club.
* * * LOW HITPOINT WARNING * * *
The two-headed ogre hits you with a +0 giant club!
You die...

#### ... #.######
#......# #......#
#......### #.).=.+.##
####.....#..#########
.......O@.............
#############.########
###..### #......#
#......# #......#
#......# #. ####)..#
#. ##†#.# #.


You could see a two-headed ogre.

Vanquished Creatures
  Grinder (D:3)
  An ogre (D:3)
  A scorpion (D:4)
  2 jellies (D:3)
  An iguana (D:4)
  8 adders
  3 worms
  A dart slug (D:1)
  5 ball pythons
  10 bats
  10 endoplasms
  3 giant cockroaches
  5 hobgoblins
  2 jackals (D:2)
  12 kobolds
  3 quokkas
  4 frilled lizards
  5 goblins
  3 rats
80 creatures vanquished.

Vanquished Creatures (others)
  13 fungi
  A plant (D:4)
  4 toadstools (D:3)
18 creatures vanquished.

Grand Total: 98 creatures vanquished

Notes
Turn   | Place    | Note
-------+----------+-------------------------------------------
     0 | D:1      | Flugslaktarn the Minotaur Fighter began the quest for the
                  | Orb.
     0 | D:1      | Reached XP level 1. HP: 19/19 MP: 0/0
   240 | D:1      | Found a faded altar of an unknown god.
   285 | D:1      | Reached XP level 2. HP: 27/27 MP: 1/1
   376 | D:1      | Reached skill level 3 in Axes
   784 | D:2      | Reached XP level 3. HP: 33/33 MP: 2/2
  1140 | D:2      | Reached XP level 4. HP: 40/40 MP: 3/3
  1377 | D:3      | Noticed Grinder
  1386 | D:3      | Paralysed by Grinder for 2 turns
  1406 | D:3      | Killed Grinder
  1407 | D:3      | Reached skill level 5 in Axes
  1407 | D:3      | Reached XP level 5. HP: 28/47 MP: 4/4
  1407 | D:3      | Reached XP level 6. HP: 32/55 MP: 5/5
  1593 | D:3      | Reached skill level 5 in Fighting
  1593 | D:3      | Reached skill level 5 in Armour
  1623 | D:3      | Reached skill level 5 in Shields
  1710 | D:3      | Found a white marble altar of Elyvilon.
  1930 | D:3      | Found a stormy altar of Qazlal.
  2214 | D:4      | Reached skill level 6 in Axes
  2228 | D:4      | Reached XP level 7. HP: 60/61 MP: 6/6
  2258 | D:4      | Found the +11 Singing Sword {sonic wave}
  2318 | D:4      | Noticed a two-headed ogre
  2321 | D:4      | Gained mutation: Your skin changes colour to match your
                  | surroundings (Stealth+). [potion of mutation]
  2321 | D:4      | Gained mutation: Your spells are a little harder to cast,
                  | but a little more powerful. [potion of mutation]
  2327 | D:4      | Slain by a two-headed ogre

Illustrated notes

Levels and vault maps discovered:
D:1:      arrival_zaba_pyramid, layout_loops_ring,
          hellmonk_ecumenical_altar_run_dry
D:2:      layout_loops_ring
D:3:      cheibrodos_fertilizer, layout_rooms, elyvilon_altar_5,
          grunt_qazlal_sundering, uniq_grinder
D:4:      old_forge, layout_basic, serial_shops, nicolae_shop_hallway_stairs,
          nicolae_wormholes, uniq_pikel

Skill      XL: |  1  2  3  4  5  6 |
---------------+-------------------+-----
Axes           | 3 5 6 |  6.3
Fighting       | 4 5 |  5.5
Armour         | 4 5 |  5.5
Shields        | 4 5 |  5.4

Action                     |  1- 3 |  4- 6 |  7- 9 || total
---------------------------+-------+-------+-------++-------
  Melee: War axe           |    61 |    86 |    22 ||   169
         Headbutt          |     9 |     5 |     2 ||    16
    Use: Potion            |       |       |     3 ||     3
 Armour: Scale mail        |    27 |    33 |    22 ||    82
  Dodge: Dodged            |    29 |    31 |    14 ||    74
  Block: Buckler           |    17 |    14 |    11 ||    42

Table legend: (Time is in decaauts)
 A = Elapsed time spent in this place.
 B = Non-inter-level travel time spent in this place.
 C = Inter-level travel time spent in this place.
 D = Time resting spent in this place.
 E = Time spent auto-exploring this place.
 F = Levels seen in this place.
 G = Mean time per level.
                   A        B        C        D        E       F      G
               +--------+--------+--------+--------+--------+-----+--------+
         Total |   2377 |   2256 |    121 |    154 |   1634 |   4 |  594.2 |
       Dungeon |   2377 |   2256 |    121 |    154 |   1634 |   4 |  594.2 |
               +--------+--------+--------+--------+--------+-----+--------+

Top non-repeatable levels by time:
     D:3: 788 daAuts
     D:1: 756 daAuts
     D:2: 630 daAuts
     D:4: 202 daAuts
